 Dungeon Crawl Stone Soup version 0.23.2 (webtiles) character file.

Game seed: 1924051771591024495

35121 HuneSparrow the Fencer (level 13, -2/117 HPs)
             Began as a Minotaur Fighter on Apr 11, 2019.
             Was a High Priest of Makhleb.
             Slain by a fire dragon (9 damage)
             ... on level 6 of the Lair of Beasts.
             The game lasted 01:22:45 (14665 turns).

HuneSparrow the Fencer (Minotaur Fighter)          Turns: 14665, Time: 01:22:46

Health: -2/117     AC: 32    Str: 32    XL:     13   Next: 45%
Magic:  13/13      EV: 11    Int:  7    God:    Makhleb [*****.]
Gold:   1480       SH:  0    Dex: 10    Spells: 12/12 levels left

rFire    . . .     SeeInvis .   E - +5 long sword of Riturch {protect, rN+ Str+3 Int+2}
rCold    . . .     Gourm    .   c - +0 shield
rNeg     + . .     Faith    .   j - +7 plate armour of the Loofah {Str+3}
rPois    .         Spirit   .   (helmet unavailable)
rElec    .         Reflect  .   (no cloak)
rCorr    +         Harm     .   V - +2 pair of gloves
MR       +....     Clarity  +   T - +2 pair of boots
Stlth    ..........             H - amulet of regeneration
HPRegen  0.69/turn              x - ring of resist corrosion
MPRegen  0.13/turn              a - ring of protection from magic

@: confused, about to teleport, very slightly contaminated, very slow
A: retaliatory headbutt, horns 3, slimy green scales 1, thin metallic scales 1,
clarity
a: Minor Destruction, Lesser Servant of Makhleb, Major Destruction, Greater
Servant of Makhleb, Renounce Religion


You were on level 6 of the Lair of Beasts.
You worshipped Makhleb.
Makhleb was extremely pleased with you.
You were not hungry.

You visited 3 branches of the dungeon, and saw 16 of its levels.
You also visited: Sewer, Ossuary and Ice Cave.

You collected 1480 gold pieces.

Inventory:

Hand Weapons
 E - the +5 long sword of Riturch (weapon) {protect, rN+ Str+3 Int+2}
   (You found it on level 5 of the Dungeon)

   It protects the one who uses it against injury (+AC on strike).
   It affects your strength (+3).
   It affects your intelligence (+2).
   It protects you from negative energy.
 Q - a +3 scimitar of flaming
Armour
 c - a +0 shield (worn)
 j - the +7 plate armour of the Loofah (worn) {Str+3}
   (You found it on level 6 of the Lair of Beasts)

   It affects your strength (+3).
 M - a +2 scale mail of magic resistance
 T - a +2 pair of boots (worn)
 V - a +2 pair of gloves (worn)
Jewellery
 a - a ring of protection from magic (right hand)
 x - a ring of resist corrosion (left hand)
 H - an amulet of regeneration (around neck)
 I - an uncursed ring of positive energy
 J - a +5 ring of intelligence
Wands
 z - a wand of acid (5)
 L - a wand of enslavement (6)
 O - a wand of iceblast (23)
 P - a wand of flame (3)
 S - a wand of disintegration (31)
Scrolls
 k - a scroll of torment {unknown}
 o - 8 scrolls of remove curse
 t - 2 scrolls of noise {unknown}
 u - 5 scrolls of teleportation
 w - 2 scrolls of fog
 B - a scroll of fear {unknown}
 F - 4 scrolls of amnesia {unknown}
 K - 5 scrolls of magic mapping
 U - a scroll of acquirement {unknown}
 W - 2 scrolls of summoning {unknown}
Potions
 d - 4 potions of might
 e - 4 potions of haste
 g - 6 potions of curing
 h - 4 potions of ambrosia
 i - 3 potions of invisibility
 m - 2 potions of agility
 r - 6 potions of mutation
 C - a potion of flight
 D - a potion of lignification
 R - a potion of berserk rage
Miscellaneous
 l - a lamp of fire
 y - a fan of gales
Comestibles
 f - 21 rations


   Skills:
 + Level 11.6 Fighting
 + Level 16.8 Long Blades
 + Level 9.8 Armour
 + Level 7.8 Dodging
 + Level 13.4 Shields
 + Level 2.2 Evocations


You had 12 spell levels left.
You didn't know any spells.
Your spell library contained the following spells:

 Spells                   Type           Power        Failure   Level  Hunger
 Animate Skeleton         Necr           N/A          98%         1    ##.....
 Beastly Appendage        Tmut           #.....       98%         1    ##.....
 Confusing Touch          Hex            #.....       98%         1    ##.....
 Pain                     Necr           #...         98%         1    ##.....
 Shock                    Conj/Air       #...         98%         1    ##.....
 Song of Slaying          Chrm           #.......     99%         2    ###....
 Sticks to Snakes         Tmut           #.......     99%         2    ###....
 Swiftness                Chrm/Air       #.......     99%         2    ###....
 Confuse                  Hex            #.......     100%        3    ####...
 Gell's Gravitas          Tloc           #.........   100%        3    ####...
 Ozocubu's Armour         Chrm/Ice       #.......     100%        3    ####...
 Regeneration             Chrm/Necr      #.........   100%        3    ####...
 Spider Form              Tmut/Pois      #.........   100%        3    ####...
 Static Discharge         Conj/Air       #.......     100%        3    ####...
 Vampiric Draining        Necr           #.........   100%        3    ####...
 Airstrike                Air            #.........   100%        4    #####..
 Animate Dead             Necr           N/A          100%        4    #####..
 Ice Form                 Ice/Tmut       #.......     100%        4    #####..
 Petrify                  Tmut/Erth      #.......     100%        4    #####..
 Blade Hands              Tmut           #.........   100%        5    ######.
 Excruciating Wounds      Chrm/Necr      #.........   100%        5    ######.
 Lightning Bolt           Conj/Air       #.........   100%        5    ######.
 Metabolic Englaciation   Hex/Ice        #.........   100%        5    ######.
 Yara's Violent Unravell  Hex/Tmut       #.........   100%        5    ######.
 Deflect Missiles         Chrm/Air       #.........   100%        6    #######


Dungeon Overview and Level Annotations

Branches:
Dungeon (9/15)             Temple (1/1) D:6            Lair (6/6) D:8
 Shoals (0/4) Lair:3        Snake (0/4) Lair:3        Slime (0/5) Lair:6
    Orc (0/2) D:9

Altars:
Ashenzari
Cheibriados
Dithmenos
Elyvilon
Fedhas
Gozag
Hepliaklqana
Kikubaaqudgha
Makhleb
Nemelex Xobeh
Okawaru
Qazlal
Ru
Sif Muna
Trog
Uskayaw
Vehumet
Xom
Yredelemnul
Zin
The Shining One
Jiyva

Annotations:
D:6 1 runed translucent door, harness's ghost, novice DDFi
D:9 Gastronok
Lair:1 exclusion: 2 oklob plants
Lair:2 2 transporters
Lair:6 Rupert


Innate Abilities, Weirdness & Mutations

You reflexively headbutt those who attack you in melee.
You have a pair of large horns on your head.
You are partially covered in slimy green scales. (AC +2)
You are partially covered in thin metallic scales. (AC +2)
You possess an exceptional clarity of mind.


Message History

Press: ? - help, Dir - move target cursor You are very lightly contaminated with residual magic.
As you read the scroll of blinking, it crumbles to dust.
You enter the shallow water.
Moving in this stuff is going to be slow.
The fire dragon breathes flames at you. The blast of flame hits you!!
* * * LOW HITPOINT WARNING * * *
You hear a deafening roar!
Press: ? - help, v - describe, . - travel
Here: a fire dragon (steam, catching its breath) Some shallow water.
As you read the scroll of teleportation, it crumbles to dust.
You feel strangely unstable.
You are engulfed in a cloud of scalding steam.
You are confused.
You feel invigorated.
You are engulfed in a cloud of scalding steam.
The fire dragon bites you!
You die...

..≈≈≈°☼.!♣♣≈≈...♣
#..........#
♣♣.§≈..$$♣♣♣≈≈..♣♣
#.#........#
.≈D≈..(..♣♣≈♣.♣.♣♣
#..P.......#
♣.!≈≈≈.)?♣♣♣.≈P...♣
#.....÷[[...
.≈≈≈≈.$%$♣♣...♣P.P♣
#.....#.....
≈≈≈≈.P♣♣♣♣..≈≈≈♣♣.♣♣
#........... ≈≈≈≈≈≈.
♣P.≈♣♣≈≈♣.P♣
#.....#...^.
≈≈≈≈≈≈♣♣♣≈≈.P♣♣D≈.♣♣
#......#....
≈≈≈≈≈.♣♣≈≈..♣♣♣≈@§.♣
#...........
.≈≈≈P♣♣≈.D..♣..♣§≈♣♣
#.....###P..
.≈≈≈P.♣♣♣≈..♣.P♣.§§♣
#..... ##..
..≈≈.♣♣≈≈.♣♣..♣♣♣≈.♣
####.. #P..
♣.♣≈≈≈§§§≈♣...♣♣≈(♣♣
...##..
♣..P.§§§§♣♣♣♣.♣♣.≈♣♣
###...#P. ♣♣..♣§§P♣♣
♣♣♣♣..≈♣♣# .....###
♣♣♣♣♣♣♣♣ ###.P(≈.P##
#....##
##########.........#
#.....#


You could see a fire dragon.

Vanquished Creatures
  Snorg (Lair:6)
  Fannar (Lair:3)
  A hydra (Lair:1)
  Harold (D:9)
  Erica (D:9)
  Nergalle (Lair:4)
  Sonja (Lair:3)
  Pikel (D:5)
  2 ugly things (IceCv)
  2 elephants (Lair:5)
  A merfolk siren (Lair:3)
  5 black mambas
  3 ice statues (IceCv)
  6 spiny frogs
  7 rime drakes
  5 komodo dragons
  Grinder (D:6)
  29 blink frogs
  9 hippogriffs
  14 yaks
  Grum (D:9)
  3 basilisks
  2 steam dragons (Lair:6)
  Menkaure (D:6)
  2 nagas (Lair:3)
  17 water moccasins
  An acid dragon (Lair:6)
  8 porcupines
  A swamp drake (Lair:6)
  2 sky beasts (D:5)
  A slave (D:5)
  4 orc warriors
  6 ice beasts (IceCv)
  3 black bears
  2 necrophages (D:8)
  21 wolves
  5 ogres
  A big kobold (D:9)
  10 crocodiles
  11 bullfrogs
  A gnoll sergeant (D:9)
  11 killer bees
  4 wights (D:6)
  An electric eel (Lair:6)
  A howler monkey (D:4)
  6 crimson imps
  A centaur zombie (D:5)
  A quasit (D:8)
  A centaur skeleton (D:4)
  2 jellies
  4 orc priests
  A gnoll shaman (D:8)
  2 hounds
  5 iguanas
  8 orc wizards
  4 hell rats (Lair:3)
  9 worker ants
  2 big kobold zombies (Ossuary)
  2 hound skeletons (D:8)
  9 mummies
  12 gnolls
  A howler monkey skeleton (D:5)
  18 adders
  2 river rats (D:3)
  3 shadow imps
  An ooze (D:1)
  An adder zombie (D:9)
  An adder skeleton (D:4)
  A worm (D:3)
  A dart slug (D:2)
  9 leopard geckos
  33 orcs
  8 bats
  10 giant cockroaches
  3 gnoll zombies (Ossuary)
  5 goblins
  8 hobgoblins
  15 jackals
  A quokka (D:7)
  5 ball pythons
  8 frilled lizards
  2 hobgoblin zombies (D:6)
  11 kobolds
  2 kobold zombies
  4 orc zombies
  2 quokka skeletons (D:7)
  8 rats
  A plant (Lair:4)
445 creatures vanquished.

Vanquished Creatures (others)
  A basilisk (Lair:6)
  A howler monkey (D:5)
  A fungus (Lair:6)
  4 plants
7 creatures vanquished.

Grand Total: 452 creatures vanquished

Notes
Turn   | Place    | Note
-------+----------+-------------------------------------------
     0 | D:1      | HuneSparrow the Minotaur Fighter began the quest for the
                  | Orb.
     0 | D:1      | Reached XP level 1. HP: 19/19 MP: 0/0
   284 | D:1      | Reached XP level 2. HP: 23/27 MP: 1/1
   829 | D:2      | Found a glowing silver altar of Zin.
   848 | D:2      | Reached skill level 3 in Long Blades
   856 | D:2      | Reached XP level 3. HP: 33/33 MP: 2/2
   981 | D:2      | Found a faded altar of an unknown god.
   985 | D:2      | Reached XP level 4. HP: 36/41 MP: 3/3
  1178 | D:2      | Found an iron altar of Okawaru.
  1208 | D:2      | Found a sparkling altar of Nemelex Xobeh.
  1321 | D:2      | Reached skill level 4 in Long Blades
  1321 | D:2      | Reached XP level 5. HP: 36/47 MP: 4/4
  1669 | D:3      | Found a glowing drain.
  1685 | D:3      | Reached skill level 5 in Shields
  1716 | Sewer    | Entered a sewer
  1938 | Sewer    | Reached skill level 1 in Dodging
  2114 | Sewer    | Reached XP level 6. HP: 53/53 MP: 5/5
  2120 | Sewer    | Reached skill level 5 in Long Blades
  3046 | D:4      | Reached skill level 5 in Fighting
  3046 | D:4      | Reached XP level 7. HP: 56/61 MP: 6/6
  3394 | D:5      | Entered Level 5 of the Dungeon
  3398 | D:5      | Reached skill level 6 in Long Blades
  3411 | D:5      | Reached skill level 5 in Armour
  3418 | D:5      | Found a stormy altar of Qazlal.
  3438 | D:5      | Noticed Pikel
  3484 | D:5      | Killed Pikel
  3484 | D:5      | Reached skill level 8 in Long Blades
  3484 | D:5      | Reached XP level 8. HP: 25/69 MP: 7/7
  3600 | D:5      | Found a sand-covered staircase.
  3696 | Ossuary  | Entered an ossuary
  4074 | Ossuary  | Reached skill level 9 in Long Blades
  4196 | Ossuary  | Gained mutation: You are partially covered in slimy green
                  | scales. (AC +2) [potion of mutation]
  4196 | Ossuary  | Gained mutation: You have a pair of large horns on your
                  | head. [potion of mutation]
  4196 | Ossuary  | Gained mutation: You possess an exceptional clarity of
                  | mind. [potion of mutation]
  4196 | Ossuary  | Gained mutation: You are partially covered in thin metallic
                  | scales. (AC +2) [potion of mutation]
  4286 | D:5      | Got a steaming long sword
  4288 | D:5      | Identified the +5 long sword of Riturch {protect, rN+ Str+3
                  | Int+2} (You found it on level 5 of the Dungeon)
  4586 | D:6      | Noticed Menkaure
  4590 | D:6      | Killed Menkaure
  5005 | D:5      | Reached skill level 10 in Long Blades
  5086 | D:6      | Found a staircase to the Ecumenical Temple.
  5110 | Temple   | Entered the Ecumenical Temple
  5189 | Temple   | Became a worshipper of Makhleb the Destroyer
  5222 | D:6      | Reached XP level 9. HP: 75/75 MP: 8/8
  5245 | D:6      | Noticed Grinder
  5253 | D:6      | Killed Grinder
  5306 | D:6      | Found a runed translucent door.
  5306 | D:6      | Found a shimmering altar of Xom.
  5306 | D:6      | Noticed a +1 scimitar of chaos
  5306 | D:6      | Noticed harness's ghost (novice DDFi)
  5734 | D:6      | Reached skill level 11 in Long Blades
  6081 | D:7      | Reached * piety under Makhleb
  6428 | D:7      | Reached skill level 12 in Long Blades
  6636 | D:8      | Reached ** piety under Makhleb
  6703 | D:8      | Found a staircase to the Lair.
  6827 | D:8      | Reached XP level 10. HP: 84/84 MP: 9/9
  6895 | D:8      | Reached skill level 13 in Long Blades
  7201 | D:9      | Noticed Grum
  7214 | D:9      | Killed Grum
  7239 | D:9      | Noticed Gastronok
  7305 | D:9      | Reached *** piety under Makhleb
  7769 | D:9      | Noticed Harold
  7785 | D:9      | Killed Harold
  7785 | D:9      | Reached skill level 14 in Long Blades
  8014 | D:9      | Noticed Erica
  8028 | D:9      | Killed Erica
  8217 | D:9      | Found a staircase to the Orcish Mines.
  8258 | Lair:1   | Entered Level 1 of the Lair of Beasts
  8267 | Lair:1   | Noticed a six-headed hydra
  8285 | Lair:1   | Killed a one-headed hydra
  8285 | Lair:1   | Reached XP level 11. HP: 94/94 MP: 10/10
  8299 | Lair:1   | Noticed an oklob plant
  8382 | Lair:1   | Found a frozen archway.
  8417 | IceCv    | Entered an ice cave
  8449 | IceCv    | Reached skill level 15 in Long Blades
  8462 | IceCv    | Noticed a white ugly thing
  8499 | IceCv    | Killed a white ugly thing
  8499 | IceCv    | Reached skill level 5 in Dodging
  8941 | IceCv    | Noticed a white ugly thing
  8967 | IceCv    | Killed a white ugly thing
  9292 | Lair:1   | Reached skill level 1 in Evocations
  9344 | Lair:1   | Reached **** piety under Makhleb
  9713 | Lair:1   | Reached skill level 10 in Shields
  9915 | Lair:1   | Noticed an oklob plant
  9955 | Lair:2   | Found a transporter.
 10122 | Lair:2   | Reached XP level 12. HP: 102/106 MP: 12/12
 10258 | Lair:2   | Found a transporter.
 10825 | Lair:3   | Noticed Fannar
 10840 | Lair:3   | Killed Fannar
 10943 | Lair:3   | Found a staircase to the Snake Pit.
 11205 | Lair:3   | Reached skill level 10 in Fighting
 11307 | Lair:3   | Found a staircase to the Shoals.
 11315 | Lair:3   | Noticed Sonja
 11417 | Lair:3   | Killed Sonja
 11417 | Lair:3   | Reached skill level 16 in Long Blades
 11731 | Lair:4   | Noticed Nergalle
 11742 | Lair:4   | Killed Nergalle
 11884 | Lair:4   | Reached ***** piety under Makhleb
 11919 | Lair:4   | You fall through a shaft for 2 floors!
 11919 | Lair:6   | Entered Level 6 of the Lair of Beasts
 12298 | Lair:4   | Reached XP level 13. HP: 116/116 MP: 13/13
 12573 | Lair:4   | Found a glowing silver altar of Zin.
 13114 | Lair:5   | Identified Fenusot's Disquisition on Lucky Sinister Magic
 13616 | Lair:6   | Found a staircase to the Slime Pits.
 13616 | Lair:6   | Found a viscous altar of Jiyva.
 13621 | Lair:6   | Noticed Snorg
 13662 | Lair:6   | Killed Snorg
 13787 | Lair:6   | Got a faintly humming plate armour
 13798 | Lair:6   | Identified the +7 plate armour of the Loofah {Str+3} (You
                  | found it on level 6 of the Lair of Beasts)
 13895 | Lair:6   | Noticed Rupert
 14480 | Lair:6   | Noticed a fire dragon
 14655 | Lair:6   | HP: 5/117 [fire dragon/blast of flame (47)]
 14663 | Lair:6   | HP: 3/117 [something/blast of flame (33)]
 14665 | Lair:6   | Slain by a fire dragon

Skill      XL: |  1  2  3  4  5  6  7  8  9 10 11 12 13 |
---------------+----------------------------------------+-----
Fighting       | 4 5 6 8 9 11 | 11.6
Long Blades    | 3 4 5 8 10 12 14 15 16 | 16.8
Shields        | 4 5 6 7 8 10 12 13 | 13.4
Armour         | 4 5 6 7 8 9 |  9.8
Dodging        | 1 2 3 4 5 7 |  7.8
Evocations     | 2 |  2.2

Action                   |  1- 3 |  4- 6 |  7- 9 | 10-12 | 13-15 || total
-------------------------+-------+-------+-------+-------+-------++-------
Melee: Long sword        |    52 |   171 |   350 |   586 |   194 ||  1353
       Headbutt          |     6 |    34 |    64 |   167 |    49 ||   320
       Scimitar          |       |       |       |   146 |       ||   146
Evoke: Wand              |       |       |       |    14 |       ||    14
  Use: Scroll            |       |     2 |     8 |     7 |     8 ||    25
       Potion            |       |       |     3 |     6 |     3 ||    12
  Eat: Chunk             |       |     7 |    10 |    11 |     8 ||    36
       Ration            |       |       |     1 |     2 |       ||     3
Armor: Scale mail        |    11 |       |     1 |   253 |    32 ||   297
       Ring mail         |    12 |    84 |    43 |       |       ||   139
       Plate armour      |       |       |   107 |       |    45 ||   152
Dodge: Dodged            |    23 |    72 |    98 |   248 |    51 ||   492
Block: Shield            |    27 |   103 |   166 |   392 |   122 ||   810
       Rpst.: Long sword |     6 |    15 |    34 |    43 |    14 ||   112
       Scimitar          |       |       |       |    12 |       ||    12
